 Dungeon Crawl Stone Soup version 0.20-a0-1024-ge4c44be (webtiles) character file.

1966 HankScorpio the Basher (level 9, -2/48 HPs)
             Began as a Gargoyle Gladiator on Apr 20, 2017.
             Slain by a hornet (4 damage)
             ... on level 8 of the Dungeon.
             The game lasted 00:20:00 (5587 turns).

HankScorpio the Basher (Gargoyle Gladiator)         Turns: 5587, Time: 00:20:01

Health: -2/48      AC: 23    Str: 18    XL:     9   Next: 19%
Magic:  9/9        EV: 12    Int: 10    God:
Gold:   284        SH:  3    Dex: 13    Spells: 8/8 levels left

rFire    + + .     SeeInvis .   I - +1 whip "Qilati Enkue" {protect, rF+}
rCold    . . .     Gourm    +   O - +0 buckler
rNeg     + . .     Faith    .   G - +2 ring mail {rF+}
rPois    ∞         Spirit   .   c - +0 helmet
rElec    +         Reflect  .   J - +2 cloak
rCorr    .         Harm     .   (no gloves)
MR       .....                  (no boots)
Stlth    +.........             x - amulet of the gourmand
Regen    0.2/turn               n - +1 ring of evasion
MPRegen  0.2/turn               (no ring)

@: protection aura
A: negative energy resistance 1, electricity resistance, unbreathing,
petrification resistance, rot immunity, AC +5
a: no special abilities


You were on level 8 of the Dungeon.
You were not hungry.

You visited 1 branch of the dungeon, and saw 9 of its levels.

You collected 284 gold pieces.

Inventory:

Hand Weapons
 a - a +0 flail
 C - a +1 flail of protection
 I - the +1 whip "Qilati Enkue" (weapon) {protect, rF+}
   (You found it on level 6 of the Dungeon)

   It protects the one who uses it against injury (+AC on strike).
   It protects you from fire.
 U - a +0 dire flail
Missiles
 d - 3 throwing nets (quivered)
 o - 3 javelins of penetration
 z - 44 sling bullets
 D - 3 tomahawks
Armour
 c - a +0 helmet (worn)
 G - a +2 ring mail of fire resistance (worn)
 J - a +2 cloak (worn)
 O - a +0 buckler (worn)
Magical Staves
 P - an uncursed staff of conjuration {unknown}
Jewellery
 n - a +1 ring of evasion (left hand)
 q - an uncursed amulet of harm
 x - an amulet of the gourmand (around neck)
Wands
 L - a wand of paralysis (6/24)
 Q - a wand of disintegration (14/24)
 S - a wand of polymorph (12/24)
Scrolls
 i - a scroll of blinking
 r - 6 scrolls of identify
 s - a scroll of recharging
 t - a scroll of magic mapping {unknown}
 u - a scroll of enchant weapon {unknown}
 y - 4 scrolls of remove curse
 A - 5 scrolls of teleportation
 B - 3 scrolls of immolation {unknown}
 E - a scroll of enchant armour {unknown}
 M - a scroll of random uselessness {unknown}
 V - a scroll of fear {unknown}
Potions
 b - a potion of flight {unknown}
 e - 5 potions of curing
 j - a potion of haste {unknown}
 k - 2 potions of might {unknown}
 m - a potion of brilliance {unknown}
 p - a potion of invisibility {unknown}
 v - 2 potions of magic
 w - 3 potions of agility
 F - a potion of cancellation
 H - a potion of heal wounds {unknown}
 N - a potion of mutation {unknown}
 T - a potion of resistance {unknown}
Books
 K - a book of Air

   Spells                             Type                      Level
   a - Shock                          Conjuration/Air              1
   b - Swiftness                      Charms/Air                   2
   c - Static Discharge               Conjuration/Air              3
   d - Airstrike                      Air                          4
   e - Lightning Bolt                 Conjuration/Air              5
Comestibles
 f - 7 bread rations
 g - 5 fruits
 h - 7 royal jellies
 l - 3 meat rations


   Skills:
 - Level 2.1 Fighting
 + Level 11.9 Maces & Flails
 - Level 1.7 Throwing
 - Level 2.4 Dodging


You had 8 spell levels left.
You didn't know any spells.

Dungeon Overview and Level Annotations

Branches:
Dungeon (9/15)             Temple (0/1) D:7
   Lair: D:8-11         Orc: D:9-12

Altars:
Cheibriados
Wu Jian
Xom

Shops:
D:4 [


Innate Abilities, Weirdness & Mutations

You are resistant to torment.
Your stone body is resilient. (AC +5)
You are immune to poison.
You resist negative energy. (rN+)
You are resistant to electric shocks. (rElec)
You can survive without breathing.
You are immune to petrification.
You are immune to rotting.


Message History

You feel agile all of a sudden. You block the killer bee's attack.
The killer bee stings you but does no damage.
The hornet stings you but does no damage.
You block the killer bee's attack. The killer bee stings you.
* * * LOW HITPOINT WARNING * * *
The hornet stings you.
* * * LOW HITPOINT WARNING * * *
It was a potion of cancellation.
Your magical effects are unravelling.
You feel magically purged.
You feel less wooden.
Your +2 cloak unmelds from your body.
Your +0 helmet unmelds from your body.
Your +2 ring mail of fire resistance unmelds from your body.
You feel resistant to fire.
You feel a little less agile now. You block the killer bee's attack.
The killer bee stings you but does no damage. x2
The hornet stings you.
You die...

###########..
#.........h..
#....y##
#####.@#
##yyy#
###yy.. ....#
..... [..#?
..# .>#


You could see a hornet and 5 killer bees.

Vanquished Creatures
  A hippogriff (D:7)
  3 ice beasts (D:7)
  A black bear (D:6)
  An ogre (D:7)
  A phantom (D:7)
  2 centaurs (D:6)
  A big kobold (D:6)
  2 bullfrogs (D:6)
  A scorpion (D:4)
  5 wights (D:7)
  2 howler monkeys
  2 crimson imps (D:7)
  2 hounds
  2 orc priests
  A worker ant (D:5)
  8 orc wizards
  A worker ant zombie (D:6)
  5 adders
  A shadow imp (D:5)
  3 adder skeletons
  4 worms
  7 leopard geckos
  15 orcs
  A ball python (D:7)
  6 giant cockroaches
  5 goblins
  5 hobgoblins
  4 jackals (D:1)
  3 quokkas
  7 bats
  5 frilled lizards
  A jackal skeleton (D:6)
  13 kobolds
  4 rats
125 creatures vanquished.

Notes
Turn   | Place    | Note
-------+----------+-------------------------------------------
     0 | D:1      | HankScorpio the Gargoyle Gladiator began the quest for the Orb.
     0 | D:1      | Reached XP level 1. HP: 12/12 MP: 1/1
   214 | D:1      | Reached XP level 2. HP: 12/17 MP: 2/2
   483 | D:1      | Reached skill level 4 in Maces & Flails
   577 | D:2      | Reached XP level 3. HP: 20/21 MP: 3/3
  1700 | D:3      | Reached XP level 4. HP: 26/26 MP: 4/4
  1984 | D:4      | Reached skill level 5 in Maces & Flails
  2021 | D:4      | Reached XP level 5. HP: 25/30 MP: 5/5
  2049 | D:4      | Found Nefadea's Antique Armour Boutique.
  2067 | D:4      | Reached skill level 6 in Maces & Flails
  2502 | D:4      | Reached XP level 6. HP: 28/35 MP: 6/6
  3025 | D:4      | Reached skill level 7 in Maces & Flails
  3118 | D:5      | Entered Level 5 of the Dungeon
  3129 | D:5      | Noticed an ice beast
  3290 | D:5      | Found a shimmering altar of Xom.
  3499 | D:5      | Noticed an orc warrior
  3532 | D:6      | Reached XP level 7. HP: 29/40 MP: 7/7
  3595 | D:6      | Reached skill level 8 in Maces & Flails
  3785 | D:6      | Got a steaming whip
  3786 | D:6      | Identified the +1 whip "Qilati Enkue" {protect, rF+} (You found it on level 6 of the Dungeon)
  3941 | D:6      | Reached skill level 9 in Maces & Flails
  3999 | D:6      | Reached XP level 8. HP: 28/44 MP: 8/8
  4348 | D:7      | Reached skill level 10 in Maces & Flails
  4652 | D:7      | Found a snail-covered altar of Cheibriados.
  4854 | D:7      | Found a staircase to the Ecumenical Temple.
  4982 | D:7      | Noticed a hippogriff
  5009 | D:7      | Killed a hippogriff
  5009 | D:7      | Reached skill level 11 in Maces & Flails
  5028 | D:7      | Reached XP level 9. HP: 34/48 MP: 9/9
  5484 | D:7      | You fall through a shaft for 2 floors!
  5511 | D:9      | Noticed a two-headed ogre
  5525 | D:9      | Noticed a hornet
  5559 | D:8      | Found an ornate altar of the Wu Jian Council.
  5586 | D:8      | HP: 1/72 [hornet (6)]
  5587 | D:8      | Slain by a hornet

Vault maps used:
D:1:      dpeg_arrival_fog
D:2:      first_bread
D:3:      lexackson_kobold_supper
D:4:      serial_shops, shop, abandoned_shop, corexii_shack
D:5:      basic_altar
D:6:      minmay_flawed_box
D:7:      nicolae_overflow_crystal_walls, minmay_temple_entry_glassed_door
D:8:      overflow_temple_1_default
D:9:      kennysheep_mini, old_standard_altar, orc_0_dummy

Skill      XL: |  1  2  3  4  5  6  7  8 |
---------------+-------------------------+-----
Maces & Flails | 4 5 6 7 9 11 | 11.9
Fighting       | |  2.1
Throwing       | |  1.7
Dodging        | |  2.4

Action                   |  1- 3 |  4- 6 |  7- 9 || total
-------------------------+-------+-------+-------++-------
Melee: Flail             |   153 |   168 |    37 ||   358
       Whip              |       |       |   365 ||   365
  Use: Scroll            |     6 |     1 |       ||     7
       Potion            |       |     2 |     3 ||     5
  Eat: Chunk             |     2 |     6 |    10 ||    18
Armor: Leather armour    |     3 |       |       ||     3
       Scale mail        |    52 |       |       ||    52
       Chain mail        |    42 |    91 |       ||   133
       Skin              |       |    35 |    26 ||    61
       Ring mail         |       |     6 |   152 ||   158
Dodge: Dodged            |    87 |    88 |   137 ||   312
Block: Buckler           |       |       |    26 ||    26
